 Dungeon Crawl Stone Soup version 0.30-a0-632-g346586fe48 (webtiles) character file.

Game seed: 6861114782866426009

84 Strat the Chopper (level 4, -1/44 HPs)
             Began as an Ogre Reaver on Jan 13, 2023.
             Slain by a gnoll
             ... wielding a +0 spear
              (5 damage)
             ... on level 2 of the Dungeon.
             The game lasted 00:02:30 (1580 turns).

Strat the Chopper (Ogre Reaver)                     Turns: 1580, Time: 00:02:31

Health: -1/44      AC:  3    Str: 18    XL:     4   Next: 45%
Magic:  4/7        EV:  9    Int: 14    God:
Gold:   146        SH:  0    Dex:  7    Spells: 1/7 levels left

rFire   . . .      SeeInvis .    a - +0 hand axe
rCold   . . .      Faith    .    (no shield)
rNeg    . . .      Spirit   .    b - +0 robe
rPois   .          Reflect  .    (helmet restricted)
rElec   .          Harm     .    (no cloak)
rCorr   .          Rampage  .    (gloves unavailable)
Will    .....                    (boots unavailable)
Stlth   +                        (no amulet)
HPRegen 0.27/turn                (no ring)
MPRegen 0.10/turn                (no ring)

@: no status effects
A: large, unfitting armour, tough skin 1
a: no special abilities


You were on level 2 of the Dungeon.
You visited 1 branch of the dungeon, and saw 2 of its levels.

You collected 146 gold pieces.

Inventory:

Hand Weapons
 a - a +0 hand axe (weapon)
Missiles
 j - 8 poisoned darts
 m - 5 curare-tipped darts
Armour
 b - a +0 robe (worn)
Scrolls
 c - 2 scrolls of identify {unknown}
 d - 2 scrolls of vulnerability {unknown}
 k - a scroll of poison {unknown}
 l - a scroll of noise {unknown}
 n - a scroll of fear {unknown}
Potions
 e - a potion of heal wounds {unknown}
 f - 2 potions of berserk rage {unknown}
 g - a potion of curing {unknown}
 h - a potion of might
 i - a potion of attraction {unknown}


   Skills:
 - Level 2.6 Fighting
 + Level 5.1 Axes
 - Level 1.7 Dodging
 - Level 2.4 Spellcasting
 - Level 2.6 Conjurations


You had one spell level left.
You knew the following spells:

 Your Spells              Type           Power      Damage    Failure   Level
a - Kiss of Death         Conj/Necr      20%        2d7       13%         1
b - Momentum Strike       Conj/Tloc      10%        3d8       21%         2
c - Hailstorm             Conj/Ice       5%         3d4       36%         3

Your spell library contained the following spells:

 Spells                   Type           Power      Damage    Failure   Level


Dungeon Overview and Level Annotations

Branches:
Dungeon (2/15)

Altars:


Innate Abilities, Weirdness & Mutations

You are too large for most types of armour.
You have tough skin. (AC +1)


Message History

Nothing appears to happen.
The gnoll barely misses you.
Casting: Momentum Strike (safe; 21% risk of failure)
Confirm with . or Enter, or press ? or * to list all spells.
Aiming: Momentum Strike (safe; 21% risk of failure)
Press: ? - help, Dir - move target, f/p - gnoll
Aim: a gnoll, wielding a +0 spear (72% to hit)
The concentrated momentum hits the gnoll!!
You kill the gnoll!
You are unable to move.
You cannot move.
You cannot move.
You cannot move.
Unknown command.
The gnoll completely misses you.
The gnoll hits you from afar with a +0 spear.
The gnoll hits you from afar with a +0 spear.
The gnoll barely misses you. The gnoll barely misses you.
The gnoll hits you from afar with a +0 spear!
* * * LOW HITPOINT WARNING * * *
Your magical contamination has completely faded away.
You are no longer robbed of momentum.
The gnoll hits you from afar with a +0 spear.
* * * LOW HITPOINT WARNING * * *
The gnoll hits you with a +0 spear.
* * * LOW HITPOINT WARNING * * *
You hit the gnoll.
The gnoll is moderately wounded.
The gnoll hits you with a +0 spear!
* * * LOW HITPOINT WARNING * * *
The gnoll hits you with a +0 spear.
* * * LOW HITPOINT WARNING * * *
You hit the gnoll.
The gnoll is moderately wounded.
The gnoll hits you with a +0 spear.
* * * LOW HITPOINT WARNING * * *
You hit the gnoll.
The gnoll is heavily wounded.
The gnoll hits you with a +0 spear.
You die...

##+##...........# #..# ....
############# #..# ...
####..# ##.# #....## #..#
.## #########.#### ##..)
..g.##....##...## ###..##
#........#.#..#######......
####.....#.#.......##..#.##
#.....#@#######...<.#...
#.....#g# ####..####
#รท#####.# #..# #g#.....#
#[.# #.#.##### #..# #g#.#
#..# #.#.# #..# #.g.# #..#
#####


You could see a gnoll.

Vanquished Creatures
  Jessica (D:2)
  3 gnolls (D:2)
  An adder (D:2)
  A dart slug (D:2)
  An endoplasm (D:2)
  A giant cockroach (D:2)
  A goblin (D:1)
  A hobgoblin (D:2)
  2 jackals (D:2)
  4 ball pythons
  A bat (D:1)
  A kobold (D:2)
  4 rats
22 creatures vanquished.

Notes
Turn   | Place    | Note
-------+----------+-------------------------------------------
     0 | D:1      | Strat the Ogre Reaver began the quest for the Orb.
     0 | D:1      | Reached XP level 1. HP: 22/22 MP: 3/3
   533 | D:2      | Reached XP level 2. HP: 28/29 MP: 5/5
   952 | D:2      | Noticed Jessica
   960 | D:2      | Killed Jessica
   961 | D:2      | Reached skill level 4 in Axes
   961 | D:2      | Reached XP level 3. HP: 20/36 MP: 6/6
  1432 | D:2      | Reached XP level 4. HP: 19/44 MP: 7/7
  1437 | D:2      | Learned a level 2 spell: Momentum Strike
  1441 | D:2      | Learned a level 3 spell: Hailstorm
  1554 | D:2      | Reached skill level 5 in Axes
  1580 | D:2      | Slain by a gnoll

Illustrated notes

Levels and vault maps discovered:
D:1:      evilmike_arrival_plus, layout_basic
D:2:      layout_rooms, serial_co_window_serial, co_window_corner_a,
          co_window_of_opportunity_a, co_window_corner_a, co_window_paths_a,
          co_window_paths_a, co_window_paths_b, co_window_paths_b,
          co_window_broadway_b, co_window_cross_4, co_window_broadway_a,
          co_window_2corner, co_window_broadway_b, co_window_cross_2,
          glass_columns_a, glass_columns_a, glass_columns_a, minmay_liquid_box,
          minivault_27, uniq_jessica

Skill      XL: |  1  2  3  4 |
---------------+-------------+-----
Axes           | 4 5 |  5.1
Fighting       | |  2.6
Dodging        | |  1.7
Spellcasting   | |  2.4
Conjurations   | |  2.6

Action                   |  1- 3 |  4- 6 || total
-------------------------+-------+-------++-------
Melee: Hand axe          |    76 |     7 ||    83
       Punch             |     1 |       ||     1
 Cast: Momentum Strike   |       |     2 ||     2
Armor: Robe              |    30 |       ||    30
Dodge: Dodged            |    40 |    11 ||    51

Table legend: (Time is in decaauts)
 A = Elapsed time spent in this place.
 B = Non-inter-level travel time spent in this place.
 C = Inter-level travel time spent in this place.
 D = Time resting spent in this place.
 E = Time spent auto-exploring this place.
 F = Levels seen in this place.
 G = Mean time per level.
                   A        B        C        D        E       F      G
               +--------+--------+--------+--------+--------+-----+--------+
         Total |   1589 |   1513 |     76 |     84 |   1183 |   2 |  794.5 |
       Dungeon |   1589 |   1513 |     76 |     84 |   1183 |   2 |  794.5 |
               +--------+--------+--------+--------+--------+-----+--------+

Top non-repeatable levels by time:
     D:2: 1064 daAuts
     D:1: 524 daAuts
